 Dungeon Sprint DCSS version 0.28-a0-1518-gbe868bca14 (webtiles) character file.

Game seed: 11770088856650105403

1764 mhtbhm the Cleaver (level 8, -4/85 HPs)
             Began as a Black Draconian Berserker on Jan 16, 2022.
             Was a High Priest of Trog.
             Slain by Erolcha (17 damage)
             ... in the Dungeon (Sprint III: "The Ten Rune Challenge").
             The game lasted 00:02:07 (2154 turns).

mhtbhm the Cleaver (Black Draconian Berserker)      Turns: 2154, Time: 00:02:08

Health: -4/85      AC:  8    Str: 23    XL:     8   Next: 79%
Magic:  8/8        EV: 15    Int:  7    God:    Trog [*****.]
Gold:   44         SH:  0    Dex: 10    Spells: 7/7 levels left

rFire   . . .      SeeInvis .   a - +0 hand axe
rCold   . . .      Faith    .   (no shield)
rNeg    . . .      Spirit   .   (armour unavailable)
rPois   .          Reflect  .   (helmet restricted)
rElec   +          Harm     .   n - +1 cloak {Will+}
rCorr   .          Rampage  .   (no gloves)
Will    +....      NoTele   +   (no boots)
Stlth   +++.......              (no amulet)
HPRegen 0.24/turn               (no ring)
MPRegen 0.11/turn               (no ring)

@: short of breath
A: breathe lightning, AC +6, unfitting armour, electricity resistance,
cold-blooded
a: Breathe Lightning, Renounce Religion, Berserk, Trog's Hand, Brothers in Arms


You were in the Dungeon.
You worshipped Trog.
Trog was extremely pleased with you.
You visited 1 branch You collected 44 gold pieces.

Inventory:

Hand Weapons
 a - a +0 hand axe (weapon)
Missiles
 h - 2 poisoned darts (quivered)
Armour
 n - a +1 cloak of willpower (worn)
Scrolls
 g - a scroll of blinking
 i - a scroll of torment {unknown}
 j - 2 scrolls of identify {unknown}
 l - a scroll of immolation {unknown}
Potions
 b - 2 potions of curing
 c - a potion of heal wounds
 d - a potion of haste
 e - 2 potions of magic
 f - a potion of berserk rage
 k - a potion of flight {unknown}
 m - 6 potions of mutation
Miscellaneous
 o - a condenser vane


   Skills:
 + Level 12.5 Fighting
 + Level 12.6 Axes
 + Level 9.5 Dodging
 + Level 4.8 Stealth


You had 7 spell levels left.
You didn't know any spells.
Your spell library was empty.

Dungeon Overview and Level Annotations

Branches:
Dungeon (1/1)

Altars:
Cheibriados
Dithmenos
Elyvilon
Fedhas
Gozag
Hepliaklqana
Kikubaaqudgha
Makhleb
Nemelex Xobeh
Okawaru
Qazlal
Ru
Sif Muna
Trog
Uskayaw
Vehumet
Wu Jian
Xom
Yredelemnul
Zin
The Shining One
Beogh
Jiyva
Lugonu

Annotations:
D Erolcha


Innate Abilities, Weirdness & Mutations

You can breathe wild blasts of lightning.
Your glossy black scales are hard. (AC +6)
You cannot fit into any form of body armour.
You are resistant to electric shocks. (rElec)
You are cold-blooded and may be slowed by cold attacks.


Message History

You barely miss the two-headed ogre.
The two-headed ogre is heavily wounded.
You slash Erolcha!
The two-headed ogre hits you with a +0 giant club!!
The two-headed ogre barely misses you. Erolcha hits you with a +0 giant club.
You barely miss the two-headed ogre.
Your tail-slap misses the two-headed ogre.
The two-headed ogre is heavily wounded.
You hit Erolcha. Erolcha barely misses you.
You completely miss the two-headed ogre.
The two-headed ogre is heavily wounded.
You hit Erolcha but do no damage.
The two-headed ogre hits you with a +0 giant club!
The two-headed ogre misses you.
You hit the two-headed ogre.
The two-headed ogre is heavily wounded.
You hit Erolcha. Erolcha misses you.
You hit the two-headed ogre.
The two-headed ogre is heavily wounded.
You hit Erolcha. The two-headed ogre closely misses you.
The two-headed ogre barely misses you. Erolcha hits you with a +0 giant club!!
You are too injured to fight recklessly!
You are too injured to fight recklessly!
You are too injured to fight recklessly!
You are too injured to fight recklessly!
Unknown command.
Activating: Breathe Lightning (4% risk of failure)
Press: ? - help, Dir - look around, f - activate You breathe a wild blast of lightning!
You hear a mighty clap of thunder!
The bolt of lightning hits Erolcha but does no damage.
Erolcha is moderately wounded.
You hear a clap of thunder!
You hear a mighty clap of thunder!
The bolt of lightning misses you.
The two-headed ogre hits you with a +0 giant club!
* * * LOW HITPOINT WARNING * * *
The two-headed ogre hits you with a +0 giant club!
* * * LOW HITPOINT WARNING * * *
Erolcha hits you with a +0 giant club!
You die...

#._# #)## ...# ...#
##'#
...#+##############
...#....#.#.#.....#
...##.#..#.##)###.#
...'##)#.#.##.#O@##
...#..)#..#..##.O+
▓▓▓▓▓▓▓▓▓▓▓▓▓▓▓▓▓#


You could see a two-headed ogre and Erolcha.

Vanquished Creatures
  A deep elf pyromancer (D)
  A shadow (D)
  A spatial vortex (D)
  A necrophage (D)
  4 two-headed ogres (D)
  A water elemental (D)
  A jelly (D)
  Jessica (D)
  A wizard (D)
  A necromancer (D)
  3 humans (D)
  A kobold demonologist (D)
  A wolf (D)
  An endoplasm (D)
  A rat (D)
20 creatures vanquished.

Notes
Turn   | Place    | Note
-------+----------+-------------------------------------------
     0 | D        | mhtbhm the Draconian Berserker began the quest for the Orb.
     0 | D        | Reached XP level 1. HP: 19/19 MP: 1/1
    37 | D        | Noticed Jessica
    43 | D        | Killed Jessica
    43 | D        | Reached ** piety under Trog
    44 | D        | Reached skill level 5 in Fighting
    44 | D        | Reached XP level 2. HP: 16/29 MP: 2/2
   211 | D        | Reached skill level 5 in Axes
   211 | D        | Reached XP level 3. HP: 3/36 MP: 3/3
   530 | D        | Noticed a water elemental
   541 | D        | Killed a water elemental
   542 | D        | Reached skill level 5 in Dodging
   542 | D        | Reached XP level 4. HP: 20/45 MP: 4/4
   743 | D        | Found a radiant altar of Vehumet.
   743 | D        | Found a shimmering blue altar of Sif Muna.
   743 | D        | Found an ancient bone altar of Kikubaaqudgha.
   743 | D        | Noticed a wizard
   750 | D        | Noticed a chaos spawn
   752 | D        | Reached *** piety under Trog
   753 | D        | Reached XP level 5. HP: 52/52 MP: 5/5
   762 | D        | Reached skill level 1 in Stealth
   843 | D        | Found a basalt altar of Yredelemnul.
   843 | D        | Found a shadowy altar of Dithmenos.
   843 | D        | Found a sacrificial altar of Ru.
   843 | D        | Noticed a necrophage
   847 | D        | Reached **** piety under Trog
   855 | D        | Killed a necrophage
   856 | D        | Reached XP level 6. HP: 20/62 MP: 6/6
  1092 | D        | Found a hide-covered altar of Uskayaw.
  1092 | D        | Found an iron altar of Okawaru.
  1092 | D        | Found a bloodstained altar of Trog.
  1092 | D        | Found an ornate altar of the Wu Jian Council.
  1092 | D        | Noticed a human
  1093 | D        | Noticed a human
  1096 | D        | Killed a human
  1103 | D        | Killed a human
  1104 | D        | Your scales start taking on a glossy black colour.
  1104 | D        | Reached XP level 7. HP: 71/71 MP: 7/7
  1104 | D        | Gained mutation: You are resistant to electric shocks.
                  | (rElec) [Black Draconian growth]
  1163 | D        | Found a glowing silver altar of Zin.
  1163 | D        | Found a glowing golden altar of the Shining One.
  1163 | D        | Found a white marble altar of Elyvilon.
  1164 | D        | Noticed a deep elf pyromancer
  1177 | D        | Killed a deep elf pyromancer
  1177 | D        | Reached ***** piety under Trog
  1348 | D        | Noticed a shadow
  1356 | D        | Reached XP level 8. HP: 65/82 MP: 8/8
  1620 | D        | Found a blossoming altar of Fedhas.
  1620 | D        | Found a stormy altar of Qazlal.
  1620 | D        | Found a snail-covered altar of Cheibriados.
  1620 | D        | Found a burning altar of Makhleb.
  1620 | D        | Found a shimmering altar of Xom.
  1621 | D        | Found a hazy altar of Hepliaklqana.
  1621 | D        | Found an opulent altar of Gozag.
  1621 | D        | Found a sparkling altar of Nemelex Xobeh.
  1621 | D        | Found a corrupted altar of Lugonu.
  1621 | D        | Found a viscous altar of Jiyva.
  1813 | D        | Noticed a two-headed ogre
  1831 | D        | Killed a two-headed ogre
  2145 | D        | Noticed Erolcha
  2146 | D        | Noticed a two-headed ogre
  2154 | D        | Slain by Erolcha

Illustrated notes

Levels and vault maps discovered:
D:        dungeon_sprint_mu [sprint_mu_entry_forest, sprint_mu_temple_rooms,
          sprint_mu_d1_spiders, sprint_mu_d2_genie, sprint_mu_d3_branching,
          sprint_mu_orc_legion, sprint_mu_elf_gauntlet, sprint_mu_hive_nellie,
          sprint_mu_lair_fedhas, sprint_mu_vaults_butterflies,
          sprint_mu_slime_circle, sprint_mu_shoals_kraken,
          sprint_mu_snake_twists, sprint_mu_blade_basic, sprint_mu_crypt_lich,
          sprint_mu_tomb_spiral, sprint_mu_vestibule_basic,
          sprint_mu_gehenna_hellfire, sprint_mu_dis_giant,
          sprint_mu_tartarus_statrot, sprint_mu_cocytus_islands, sprint_mu_zot1]

Skill      XL: |  1  2  3  4  5  6  7  8 |
---------------+-------------------------+-----
Dodging        | 4 5 6 7 8 9 |  9.5
Fighting       | 5 6 7 8 9 11 12 | 12.5
Axes           | 4 5 6 8 9 11 12 | 12.6
Stealth        | 2 3 4 |  4.8

Action                   |  1- 3 |  4- 6 |  7- 9 || total
-------------------------+-------+-------+-------++-------
Melee: Hand axe          |    33 |    27 |    60 ||   120
       Tailslap          |     9 |     3 |    11 ||    23
       Punch             |       |     1 |     1 ||     2
Invok: Berserk           |     1 |     3 |     3 ||     7
 Abil: Breathe Lightning |       |       |     2 ||     2
 Stab: Sleeping          |       |     1 |     2 ||     3
Armor: Skin              |     5 |     4 |     3 ||    12
Dodge: Dodged            |    16 |     6 |    30 ||    52

Table legend: (Time is in decaauts)
 A = Elapsed time spent in this place.
 B = Non-inter-level travel time spent in this place.
 C = Inter-level travel time spent in this place.
 D = Time resting spent in this place.
 E = Time spent auto-exploring this place.
 F = Levels seen in this place.
 G = Mean time per level.
                   A        B        C        D        E       F      G
               +--------+--------+--------+--------+--------+-----+--------+
         Total |   2211 |   2211 |      0 |   1847 |     32 |   1 | 2211.0 |
       Dungeon |   2211 |   2211 |      0 |   1847 |     32 |   1 | 2211.0 |
               +--------+--------+--------+--------+--------+-----+--------+

Top non-repeatable levels by time:
       D: 2211 daAuts
